 Dungeon Crawl Stone Soup version 0.29.1-13-g9f3cf754e1 (webtiles) character file.

Game seed: 6448470716945997202

963 xian the Trooper (level 8, -5/84 HPs)
             Began as an Ogre Berserker on Feb 7, 2023.
             Was a Believer of Trog.
             Slain by a hornet (7 damage)
             ... on level 5 of the Dungeon.
             The game lasted 00:10:38 (4946 turns).

xian the Trooper (Ogre Berserker)                   Turns: 4946, Time: 00:10:39

Health: -5/84      AC:  4    Str: 30    XL:     8   Next: 15%
Magic:  8/8        EV: 10    Int:  8    God:    Trog [**....]
Gold:   265        SH:  0    Dex:  8    Spells: 7/7 levels left

rFire   . . .      SeeInvis .   m - +2 scythe (venom)
rCold   . . .      Faith    .   (shield currently unavailable)
rNeg    . . .      Spirit   .   b - +1 animal skin
rPois   .          Reflect  .   (helmet restricted)
rElec   .          Harm     .   (no cloak)
rCorr   +          Rampage  .   (gloves unavailable)
Will    .....                   (boots unavailable)
Stlth   +.........              (no amulet)
HPRegen 0.24/turn               k - ring of resist corrosion
MPRegen 0.11/turn               t - +6 ring of strength

@: lethally poisoned (-5 -> -22), on berserk cooldown, slowed, very slow
A: large, unfitting armour, tough skin 1
a: Renounce Religion, Berserk, Trog's Hand


You were on level 5 of the Dungeon.
You worshipped Trog.
Trog was pleased with you.
You visited 1 branch of the dungeon, and saw 5 of its levels.
You also visited: Ossuary.

You collected 265 gold pieces.

Inventory:

Hand Weapons
 m - a +2 scythe of venom (weapon)
Missiles
 d - 22 stones (quivered)
 g - 5 boomerangs
 h - 6 poisoned darts
 i - 3 atropa-tipped darts
Armour
 b - a +1 animal skin (worn)
Magical Staves
 n - a staff of air
Jewellery
 k - a ring of resist corrosion (left hand)
 t - a +6 ring of strength (right hand)
 A - a ring of fire
Wands
 w - a wand of iceblast (7)
Scrolls
 a - 2 scrolls of enchant weapon
 f - a scroll of immolation
 q - 2 scrolls of enchant armour
 r - 2 scrolls of fog
 v - 4 scrolls of teleportation
 x - a scroll of brand weapon
 y - a scroll of fear
Potions
 c - 3 potions of resistance {unknown}
 e - a potion of might {unknown}
 j - 4 potions of haste {unknown}
 l - 3 potions of lignification {unknown}
 o - 2 potions of curing {unknown}
 p - 2 potions of brilliance {unknown}
 s - 3 potions of mutation
 u - 3 potions of heal wounds {unknown}
 z - a potion of experience {unknown}
 B - a potion of magic {unknown}


   Skills:
 + Level 6.6 Fighting
 - Level 5.0(6.1) Axes
 * Level 5.4(6.4) Polearms
 + Level 0.7 Throwing
 + Level 4.1 Dodging
 + Level 1.3 Stealth


You had 7 spell levels left.
You didn't know any spells.
Your spell library contained the following spells:

 Spells                   Type           Power      Damage    Failure   Level
 Static Discharge         Conj/Air       0%         3-3/arc   54%         2
 Dispel Undead            Necr           0%         3d6       99%         4
 Sticky Flame             Conj/Fire      0%         2d3       99%         4
 Borgnjor's Revivificati  Necr           0%         N/A       100%        8
 Necromutation            Tmut/Necr      0%         N/A       100%        8
 Death's Door             Necr           0%         N/A       100%        9


Dungeon Overview and Level Annotations

Branches:
Dungeon (5/15)            Ossuary (visited)
 Temple: D:4-7

Altars:
Elyvilon
Sif Muna

Shops:
D:1 =


Innate Abilities, Weirdness & Mutations

You are too large for most types of armour.
You have tough skin. (AC +1)


Message History

You are more poisoned.
Things that are here:
a +0 flail; a +0 spear You feel very sick.
As you read the scroll of teleportation, it crumbles to dust.
You feel strangely unstable.
You feel very sick.
The gnoll throws a poisoned dart.
The poisoned dart barely misses you.
You feel very sick.
The gnoll throws a poisoned dart.
The poisoned dart hits you!
You are more poisoned.
Reach: m) +2 scythe (venom)
Press: ? - help, Dir - move target, f - gnoll
Aim: a gnoll, wielding a +0 halberd (about 39% to evade your +2 scythe of venom)
You reach to attack!
The hornet buzzes angrily.
You slash the gnoll!
The gnoll is poisoned.
The gnoll is severely wounded.
You feel very sick. The gnoll closely misses you.
The gnoll throws a poisoned dart.
The poisoned dart hits you.
You are more poisoned.
The hornet stings you.
* * * LOW HITPOINT WARNING * * *
You are more poisoned.
You feel as though you will be slow longer.
The gnoll throws a poisoned dart.
The poisoned dart misses you.
The gnoll hits you from afar with a +0 halberd.
* * * LOW HITPOINT WARNING * * *
Reach: m) +2 scythe (venom)
Press: ? - help, Dir - move target, f/p - gnoll
Aim: a gnoll, wielding a +0 halberd (almost dead, very poisoned, about 39% to evade your +2 scythe of venom)
You reach to attack!
You slash the gnoll!
You kill the gnoll!
Trog accepts your kill.
Your surroundings seem slightly different.
* * * LOW HITPOINT WARNING * * *
You feel extremely sick. The hornet stings you!
You die...

............#####
#..............## . #
#...............# #. #.
#...............# #.
##.##...............####.
........g.g.....###......
....$.....).....# #......
.........)g.....# #......
.......)@y§.....# #......
.......).##########.#####
...####+## #.........# .
#.........# #.........#
##.........#
##....#.....#
#....##.....#
#...###.....#


You could see a hornet and 3 gnolls.

Vanquished Creatures
  Sigmund (D:2)
  Pargi (D:3)
  A gnoll sergeant (D:5)
  A scorpion (D:4)
  A howler monkey (D:5)
  A centaur zombie (Ossuary)
  A hound (D:5)
  A human zombie (Ossuary)
  3 orc priests
  Jessica (D:3)
  An iguana (D:4)
  Ijyb (D:4)
  4 orc wizards
  4 mummies
  6 gnolls (D:5)
  An adder (D:2)
  A white imp (D:5)
  4 dart slugs
  16 orcs
  5 ball pythons
  5 endoplasms
  A giant cockroach (D:4)
  5 hobgoblins
  A bat (D:3)
  7 frilled lizards (D:1)
  5 goblins
  A goblin zombie (Ossuary)
  2 hobgoblin zombies (Ossuary)
  7 kobolds
  2 kobold zombies (Ossuary)
  An orc zombie (Ossuary)
  A rat (D:2)
93 creatures vanquished.

Vanquished Creatures (others)
  A frilled lizard (D:1)
  A fungus (D:5)
2 creatures vanquished.

Grand Total: 95 creatures vanquished

Notes
Turn   | Place    | Note
-------+----------+-------------------------------------------
     0 | D:1      | xian the Ogre Berserker began the quest for the Orb.
     0 | D:1      | Reached XP level 1. HP: 24/24 MP: 1/1
   296 | D:1      | Reached XP level 2. HP: 27/32 MP: 2/2
   397 | D:1      | Found Vefrib's Jewellery Shoppe.
   773 | D:1      | Reached XP level 3. HP: 35/40 MP: 3/3
  1606 | D:2      | Reached skill level 5 in Fighting
  1606 | D:2      | Reached XP level 4. HP: 50/50 MP: 4/4
  1858 | D:2      | Reached ** piety under Trog
  1953 | D:2      | Noticed Sigmund
  1968 | D:2      | Killed Sigmund
  1969 | D:2      | Reached XP level 5. HP: 53/59 MP: 5/5
  1969 | D:2      | Reached XP level 6. HP: 60/67 MP: 6/6
  2332 | D:3      | Noticed Jessica
  2350 | D:3      | Killed Jessica
  2351 | D:3      | Reached skill level 6 in Fighting
  2351 | D:3      | Reached skill level 5 in Axes
  3212 | D:3      | Found a shimmering blue altar of Sif Muna.
  3218 | D:3      | Noticed Pargi
  3223 | D:3      | Killed Pargi
  3224 | D:3      | Reached skill level 1 in Polearms
  3277 | D:3      | Reached XP level 7. HP: 51/76 MP: 7/7
  4121 | D:4      | Noticed Ijyb
  4128 | D:4      | Killed Ijyb
  4165 | D:4      | Reached skill level 1 in Stealth
  4285 | D:5      | Entered Level 5 of the Dungeon
  4520 | D:5      | Found a white marble altar of Elyvilon.
  4550 | D:5      | Found a sand-covered staircase.
  4558 | Ossuary  | Entered an ossuary
  4823 | Ossuary  | Reached XP level 8. HP: 81/84 MP: 8/8
  4918 | D:5      | Reached skill level 5 in Polearms
  4941 | D:5      | Noticed a hornet
  4946 | D:5      | HP: 2/84 [poisoned by a hornet]
  4946 | D:5      | Slain by a hornet

Illustrated notes

Levels and vault maps discovered:
D:1:      roderic_crossed_star, layout_loops_ring, serial_shops, shop,
          minmay_misc_feat_room, minmay_lizard_pond
D:2:      layout_loops_corners, uniq_sigmund
D:3:      layout_loops_corners, led_sif_book, uniq_pargi, uniq_jessica
D:4:      layout_basic, uniq_ijyb
D:5:      layout_basic, elyvilon_altar_1, gup_ossuary_entry_pyramid

Skill      XL: |  1  2  3  4  5  6  7  8 |
---------------+-------------------------+-----
Dodging        | 3 4 |  4.1
Fighting       | 5 6 |  6.6
Axes           | 4 5 |  5.0
Polearms       | 2 4 5 |  5.4
Stealth        | 1 |  1.3
Throwing       | |  0.7

Action                   |  1- 3 |  4- 6 |  7- 9 || total
-------------------------+-------+-------+-------++-------
Melee: Hand axe          |    68 |    23 |       ||    91
       Punch             |     1 |       |       ||     1
       Halberd           |       |    33 |   106 ||   139
Throw: Stone             |     7 |     5 |     3 ||    15
Invok: Berserk           |     3 |     4 |     4 ||    11
  Use: Scroll            |       |       |     9 ||     9
 Stab: Sleeping          |       |       |     3 ||     3
Armor: Animal skin       |    13 |    16 |    21 ||    50
Dodge: Dodged            |    35 |    32 |    60 ||   127
